 Dungeon Crawl Stone Soup version 0.22.1-1-ga44c0e5 (webtiles) character file.

98 Folque the Digger (level 4, 0/36 HPs)
             Began as a Draconian Earth Elementalist on Oct 20, 2018.
             Slain by a quokka (2 damage)
             ... on level 3 of the Dungeon.
             The game lasted 00:05:30 (1649 turns).

Folque the Digger (Draconian Earth Elementalist)    Turns: 1649, Time: 00:05:30

Health: 0/36       AC:  5    Str: 10    XL:     4   Next: 43%
Magic:  0/8        EV: 12    Int: 16    God:
Gold:   70         SH:  0    Dex: 12    Spells: 2/8 levels left

rFire    . . .     SeeInvis .   a - +0 whip
rCold    . . .     Gourm    .   (no shield)
rNeg     . . .     Faith    .   (armour unavailable)
rPois    .         Spirit   .   (helmet restricted)
rElec    .         Reflect  .   (no cloak)
rCorr    .         Harm     .   (no gloves)
MR       .....                  (no boots)
Stlth    ++........             (no amulet)
HPRegen  0.12/turn              (no ring)
MPRegen  0.11/turn              (no ring)

@: no status effects
A: unfitting armour, cold-blooded, AC +5
a: no special abilities


You were on level 3 of the Dungeon.
You were not hungry.

You visited 1 branch of the dungeon, and saw 3 of its levels.

You collected 70 gold pieces.

Inventory:

Hand Weapons
 a - a +0 whip (weapon)
Missiles
 b - 68 stones (quivered)
Jewellery
 d - a +3 ring of dexterity {unknown}
 k - an uncursed ring of positive energy {unknown}
Scrolls
 e - 2 scrolls of identify
 i - 2 scrolls of remove curse
Potions
 j - a potion of flight
Comestibles
 c - 3 rations
 f - 5 chunks of flesh


   Skills:
 - Level 2.0 Fighting
 - Level 1.7 Dodging
 - Level 1.7 Stealth
 * Level 2.8 Spellcasting
 + Level 0.8 Conjurations
 - Level 1.0 Transmutations
 + Level 4.0 Earth Magic


You had 2 spell levels left.
You knew the following spells:

 Your Spells              Type           Power        Failure   Level  Hunger
a - Sandblast             Erth           ###...       3%          1    #......
b - Passwall              Tmut/Erth      ##......     10%         2    ##.....
c - Stone Arrow           Conj/Erth      ##....       22%         3    ###....

Your spell library contained the following spells:

 Spells                   Type           Power        Failure   Level  Hunger
 Petrify                  Tmut/Erth      ##......     54%         4    #####..
 Lee's Rapid Deconstruct  Erth           ###.......   69%         5    ######.


Dungeon Overview and Level Annotations

Branches:
Dungeon (3/15)

Altars:

Annotations:
D:3 Ijyb, Jessica


Innate Abilities, Weirdness & Mutations

Your plain brown scales are hard. (AC +5)
You cannot fit into any form of body armour.
You are cold-blooded and may be slowed by cold attacks.


Message History

The blast of sand hits the rat.
You kill the rat!
b - 68 stones The rat bites you but does no damage.
Casting: Sandblast (safe; 3% risk of failure)
Confirm with . or Enter, or press ? or * to list all spells.
You don't have enough magic to cast that spell.
You miss the quokka. The quokka barely misses you. The rat closely misses you.
You barely miss the quokka. The quokka bites you.
* * * LOW HITPOINT WARNING * * *
The rat twitches its whiskers.
The rat bites you but does no damage.
The quokka bites you but does no damage.
You barely miss the quokka.
Your tail-slap misses the quokka.
The rat barely misses you. The quokka completely misses you.
The hobgoblin barely misses you.
You barely miss the hobgoblin. The rat bites you.
* * * LOW HITPOINT WARNING * * *
The quokka bites you.
You die...

####### #g....#
#gro..# #@rwg.#
####r.# ....
#####..## #.....r
#.....g.#####...r..
#.......r...r..ยง...
#......r######.....
#.......# #....
#.......o#######.@..
............rogr....


You could see Ijyb, a worm, an orc, a quokka, a hobgoblin, a goblin and 2 rats.

Vanquished Creatures
  An orc priest (D:3)
  2 adders (D:2)
  2 oozes
  A worm (D:2)
  A leopard gecko (D:2)
  An orc (D:3)
  8 bats
  A giant cockroach (D:2)
  5 goblins
  A hobgoblin (D:1)
  4 jackals (D:1)
  A ball python (D:1)
  4 frilled lizards
  2 kobolds
  9 rats
43 creatures vanquished.

Notes
Turn   | Place    | Note
-------+----------+-------------------------------------------
     0 | D:1      | Folque the Draconian Earth Elementalist began the quest for
                  | the Orb.
     0 | D:1      | Reached XP level 1. HP: 14/14 MP: 3/3
   112 | D:1      | Reached skill level 1 in Fighting
   122 | D:1      | Reached XP level 2. HP: 17/23 MP: 1/5
   873 | D:2      | Reached XP level 3. HP: 23/29 MP: 4/6
   877 | D:2      | Learned a level 2 spell: Passwall
   881 | D:2      | Learned a level 3 spell: Stone Arrow
  1608 | D:3      | Reached skill level 4 in Earth Magic
  1608 | D:3      | Reached XP level 4. HP: 36/36 MP: 1/8
  1620 | D:3      | Noticed Ijyb
  1624 | D:3      | Noticed Jessica
  1649 | D:3      | Slain by a quokka

Skill      XL: |  1  2  3 |
---------------+----------+-----
Fighting       | 1 2 |  2.0
Earth Magic    | 4 |  4.0
Dodging        | |  1.7
Stealth        | |  1.7
Spellcasting   | |  2.8
Conjurations   | |  0.8
Transmutations | |  1.0

Action                   |  1- 3 |  4- 6 || total
-------------------------+-------+-------++-------
Melee: Whip              |   126 |     9 ||   135
       Unarmed           |     4 |       ||     4
       Tailslap          |    12 |       ||    12
 Cast: Sandblast         |    12 |     6 ||    18
       Stone Arrow       |     4 |       ||     4
  Use: Scroll            |       |     4 ||     4
 Stab: Sleeping          |     6 |       ||     6
  Eat: Chunk             |     3 |       ||     3
Armor: Skin              |    50 |     6 ||    56
Dodge: Dodged            |    90 |    13 ||   103
